 Dungeon Crawl Stone Soup version 0.21-a0-52-gbf49515 (webtiles) character file.

91 nikopol the Firebug (level 4, 0/27 HPs)
             Began as an Octopode Fire Elementalist on June 13, 2017.
             Killed from afar by an orc wizard (11 damage)
             ... with a puff of frost
             ... on level 3 of the Dungeon.
             The game lasted 00:09:58 (2559 turns).

nikopol the Firebug (Octopode Fire Elementalist)    Turns: 2559, Time: 00:09:59

Health: 0/27       AC:  1    Str:  7    XL:     4   Next: 59%
Magic:  1/8        EV: 13    Int: 18    God:
Gold:   93         SH:  3    Dex: 12    Spells: 2/8 levels left

rFire    . . .     SeeInvis .   u - +0 spear (pierce)
rCold    . . .     Gourm    .   x - +0 buckler
rNeg     . . .     Faith    .   (helmet restricted)
rPois    .         Spirit   .   (no amulet)
rElec    .         Reflect  .   (no ring)
rCorr    .         Harm     .   (no ring)
MR       .....                  (no ring)
Stlth    +++.......             (no ring)
Regen    0.1/turn               (no ring)
MPRegen  0.2/turn               (no ring)
                                (no ring)
                                (no ring)

@: very slightly contaminated
A: almost no armour, stealthy swim, amphibious, 8 rings, constrict 8, camouflage
1, gelatinous body 1
a: no special abilities


You were on level 3 of the Dungeon.
You were hungry.

You visited 1 branch of the dungeon, and saw 3 of its levels.

You collected 93 gold pieces.

Inventory:

Hand Weapons
 k - a +0 dagger
 l - a +0 short sword
 u - a +0 spear of piercing (weapon)
 y - a +0 dagger of venom
Armour
 x - a +0 buckler (worn)
Scrolls
 d - a scroll of amnesia {unknown}
 e - 10 scrolls of teleportation {unknown}
 f - a scroll of remove curse {unknown}
 g - a scroll of magic mapping {unknown}
 i - a scroll of identify {unknown}
 q - a scroll of immolation {unknown}
 r - a scroll of fear {unknown}
 s - a scroll of fog {unknown}
 v - a scroll of blinking {unknown}
Potions
 c - a potion of invisibility {unknown}
 h - a potion of heal wounds {unknown}
 j - 2 potions of lignification {unknown}
 m - 2 potions of curing {unknown}
 o - a potion of haste {unknown}
 p - 2 potions of flight {unknown}
 w - a potion of resistance {unknown}
Books
 a - a book of Flames

   Spells                             Type                      Level
   a - Flame Tongue                   Conjuration/Fire             1
   b - Throw Flame                    Conjuration/Fire             2
   c - Conjure Flame                  Conjuration/Fire             3
   d - Inner Flame                    Hexes/Fire                   3
   e - Sticky Flame                   Conjuration/Fire             4
   f - Fireball                       Conjuration/Fire             5
Comestibles
 b - 3 bread rations
 n - a royal jelly
 t - 3 fruits


   Skills:
 + Level 0.2 Fighting
 + Level 0.2 Polearms
 + Level 2.6 Dodging
 + Level 3.2 Stealth
 + Level 2.6 Spellcasting
 + Level 1.4 Conjurations
 + Level 4.0 Fire Magic


You had 2 spell levels left.
You knew the following spells:

 Your Spells              Type           Power        Failure   Level  Hunger
a - Flame Tongue          Conj/Fire      ##...        10%         1    #......
b - Throw Flame           Conj/Fire      ##....       14%         2    ##.....
c - Conjure Flame         Conj/Fire      ##......     28%         3    ###....


Dungeon Overview and Level Annotations

Branches:
Dungeon (3/15)

Altars:


Innate Abilities, Weirdness & Mutations

You cannot wear most types of armour.
You are very stealthy in the water. (Stealth+)
You are amphibious.
You can wear up to eight rings at the same time.
You can use your tentacles to constrict eight enemies at once.
Your skin changes colour to match your surroundings (Stealth+).
Your rubbery body absorbs attacks. (AC +1, EV +1)


Message History

The orc shouts!
You grab the orc wizard.
You constrict the orc wizard, but do no damage.
The orc wizard barely misses you.
You hit the orc wizard but do no damage.
You constrict the orc wizard, but do no damage.
The orc wizard hits you with a dagger.
You hit the orc wizard but do no damage.
You squeeze the orc wizard.
The orc wizard is moderately wounded.
You constrict the orc wizard.
The orc wizard hits you but does no damage.
You hit the orc wizard.
The orc wizard is heavily wounded.
You constrict the orc wizard.
The orc wizard points at you and mumbles some strange words.
The magic dart hits you! The orc wizard casts a spell at you.
The puff of frost hits you!
You die...

#.......######.#
#.######.
#####.### #.# #.#
#.# #.# #.# #.#
#.# #.. #.# #.#
#.# #.# #.#######
######.#
#.......##
.......#
#####.##)...).
########
#...#.@o#.#.#
#########.#.#####
#
#.........#....<#
#.###############
#.##.........#
#.##.#######.#
#.##.# #.# #.##.#
#.# #.##.# #.#


You could see an orc wizard.

Vanquished Creatures
  2 adders (D:2)
  A worm (D:2)
  4 dart slugs
  A leopard gecko (D:2)
  4 orcs (D:3)
  4 goblins
  12 hobgoblins
  A jackal (D:1)
  10 bats
  6 frilled lizards
  4 kobolds
  8 rats
57 creatures vanquished.

Notes
Turn   | Place    | Note
-------+----------+-------------------------------------------
     0 | D:1      | nikopol the Octopode Fire Elementalist began the quest for the Orb.
     0 | D:1      | Reached XP level 1. HP: 11/11 MP: 3/3
   190 | D:1      | Reached XP level 2. HP: 11/17 MP: 1/5
   680 | D:1      | Reached XP level 3. HP: 21/21 MP: 4/6
   787 | D:1      | Learned a level 2 spell: Throw Flame
   791 | D:1      | Learned a level 3 spell: Conjure Flame
  1607 | D:2      | Reached XP level 4. HP: 9/27 MP: 4/7
  2542 | D:3      | Reached skill level 4 in Fire Magic
  2559 | D:3      | Killed from afar by an orc wizard

Vault maps used:
D:1:      dpeg_arrival_brainrot

Skill      XL: |  1  2  3  4 |
---------------+-------------+-----
Stealth        | 3 |  3.2
Fire Magic     | 4 |  4.0
Fighting       | |  0.2
Polearms       | |  0.2
Dodging        | |  2.6
Spellcasting   | |  2.6
Conjurations   | |  1.4

Action                   |  1- 3 |  4- 6 || total
-------------------------+-------+-------++-------
Melee: Unarmed           |     4 |       ||     4
       Constrict         |     7 |     2 ||     9
       Tentacles         |     6 |     1 ||     7
       Spear             |    14 |    11 ||    25
       Dagger            |     8 |       ||     8
 Cast: Flame Tongue      |    56 |    17 ||    73
       Throw Flame       |     6 |     9 ||    15
 Stab: Sleeping          |     2 |       ||     2
  Eat: Chunk             |     3 |     3 ||     6
Armor: Skin              |     2 |       ||     2
Dodge: Dodged            |    15 |     5 ||    20
